 Dungeon Crawl Stone Soup version 0.21-a0-401-g0b6bec4 (webtiles) character file.

123 nikopol the Poker (level 4, 0/41 HPs)
             Began as a Minotaur Berserker on Oct 23, 2017.
             Was a Believer of Trog.
             Slain by a worm (9 damage)
             ... on level 3 of the Dungeon.
             The game lasted 00:04:03 (1851 turns).

nikopol the Poker (Minotaur Berserker)              Turns: 1851, Time: 00:04:04

Health: 0/41       AC:  2    Str: 21    XL:     4   Next: 79%
Magic:  3/3        EV: 13    Int:  4    God:    Trog [**....]
Gold:   143        SH:  0    Dex: 11    Spells: 3/3 levels left

rFire    . . .     SeeInvis .   a - +0 spear
rCold    . . .     Gourm    .   (no shield)
rNeg     . . .     Faith    .   b - +0 animal skin
rPois    .         Spirit   .   (helmet restricted)
rElec    .         Reflect  .   (no cloak)
rCorr    .         Harm     .   (no gloves)
MR       .....                  (no boots)
Stlth    +.........             (no amulet)
HPRegen  0.13/turn              (no ring)
MPRegen  0.08/turn              (no ring)

@: very slow
A: retaliatory headbutt, horns 2
a: Berserk, Trog's Hand, Burn Spellbooks, Renounce Religion


You were on level 3 of the Dungeon.
You worshipped Trog.
Trog was pleased with you.
You were very hungry.

You visited 1 branch of the dungeon, and saw 3 of its levels.

You collected 143 gold pieces.

Inventory:

Hand Weapons
 a - a +0 spear (weapon)
Missiles
 g - 22 arrows
Armour
 b - a +0 animal skin (worn)
Scrolls
 f - 4 scrolls of remove curse {unknown}
 h - a scroll of immolation {unknown}
 k - a scroll of amnesia {unknown}
 l - a scroll of enchant armour {unknown}
Potions
 i - a potion of ambrosia {unknown}
 j - a potion of lignification {unknown}
Comestibles
 c - a bread ration
 d - 2 meat rations
 m - 2 chunks of flesh


   Skills:
 + Level 4.7 Fighting
 + Level 5.4 Polearms
 + Level 2.5 Armour
 + Level 2.9 Dodging
 + Level 0.4 Stealth


You had 3 spell levels left.
You didn't know any spells.

Dungeon Overview and Level Annotations

Branches:
Dungeon (3/15)

Altars:


Innate Abilities, Weirdness & Mutations

You reflexively headbutt those who attack you in melee.
You have a pair of horns on your head.


Message History

The river rat bites you but does no damage.
You closely miss the river rat.
The river rat is almost dead.
The river rat bites you!
* * * LOW HITPOINT WARNING * * *
You hit the river rat.
You kill the river rat!
Trog accepts your kill.
A worm comes into view.
You are feeling very hungry.
You hit the worm. Your headbutt misses the worm.
The worm is lightly wounded.
Your unstable footing causes you to fumble your attack.
The worm splashes around in the water.
You hit the worm.
The worm is lightly wounded.
You hear the slow rusting of a drain nearby.
Your unstable footing causes you to fumble your attack.
The worm bites you!
You die...

******** *,,,,,,,
*∩*≈≈*≈*** *,**,*,,
*≈*≈**≈≈≈****,**,*,,
*******≈*≈##≈*≈**,,,,,,,,,
*,,,,,*≈*≈≈#≈*≈**,#..,..,,
*,***,*≈**≈#≈*≈**,#.##.#,,
*,***,*≈≈≈≈#≈*≈*,,#.....,,
*,**,,####w#≈#≈####.##.#*,
*,**,,#≈≈@≈≈≈#≈*..#.##.#*.
*,,,,,#≈#########.#.##.##.
****,*#≈≈≈≈≈≈≈≈≈..#.).....
*,,,,,####≈#≈#≈≈.....(..##
*,**,#..≈≈≈≈≈.≈...####(..(
*,**,#....≈.....#.#**#....
*,,,<#............##...#..
*,,**#.###......####.#####
*,,,...* ######## #.*


You could see a worm.

Vanquished Creatures
  Terence (D:2)
  2 adders (D:2)
  A river rat (D:3)
  2 oozes (D:2)
  2 worms (D:3)
  A dart slug (D:1)
  3 leopard geckos
  2 giant cockroaches
  5 goblins
  4 hobgoblins
  8 jackals (D:1)
  3 kobolds
  A quokka (D:2)
  5 bats
  5 frilled lizards
  7 rats
52 creatures vanquished.

Notes
Turn   | Place    | Note
-------+----------+-------------------------------------------
     0 | D:1      | nikopol the Minotaur Berserker began the quest for the Orb.
     0 | D:1      | Reached XP level 1. HP: 19/19 MP: 0/0
    86 | D:1      | Reached XP level 2. HP: 27/27 MP: 1/1
    88 | D:1      | Reached skill level 4 in Polearms
   637 | D:1      | Reached XP level 3. HP: 33/33 MP: 2/2
   926 | D:2      | Reached ** piety under Trog
  1243 | D:2      | Reached XP level 4. HP: 40/41 MP: 3/3
  1274 | D:2      | Noticed Terence
  1285 | D:2      | Killed Terence
  1285 | D:2      | Reached skill level 5 in Polearms
  1851 | D:3      | Slain by a worm

Vault maps used:
D:1:      arrival_zaba_pyramid
D:2:      minmay_tetromino_i4, uniq_terence
D:3:      lightli_sewer_entry_pipes, nrook_loot_triangle, minivault_25

Skill      XL: |  1  2  3  4 |
---------------+-------------+-----
Polearms       | 4 5 |  5.4
Fighting       | 4 |  4.7
Armour         | |  2.5
Dodging        | |  2.9
Stealth        | |  0.4

Action                   |  1- 3 |  4- 6 || total
-------------------------+-------+-------++-------
Melee: Spear             |    94 |    48 ||   142
       Headbutt          |    10 |     6 ||    16
  Use: Scroll            |       |     1 ||     1
  Eat: Chunk             |     1 |     1 ||     2
Armor: Animal skin       |    13 |     3 ||    16
Dodge: Dodged            |    31 |    12 ||    43

Table legend:
 A = Spawn XP
 B = Non-spawn XP
 C = Spawn XP percentage of total XP
 D = Spawn monster count
 E = Non-spawn monster count
 F = Spawn count percentage of total count
 G = Total turns spent on level
                    A         B        C        D         E        F      G
               +---------+---------+-------+---------+---------+-------+---------
         Total |       0 |     176 |   0.0 |       0 |      52 |   0.0 |  1851
               +---------+---------+-------+---------+---------+-------+---------
           D:1 |       0 |      43 |   0.0 |       0 |      24 |   0.0 |   883
           D:2 |       0 |     104 |   0.0 |       0 |      21 |   0.0 |   869
           D:3 |       0 |      29 |   0.0 |       0 |       7 |   0.0 |    99
               +---------+---------+-------+---------+---------+-------+---------
